 Dungeon Crawl Stone Soup version 0.27-a0-333-gfa571bf19a (console) character file.

Game seed: 1199836307824310157

125655 jejorda2 the Executioner (level 16, -4/226 HPs)
             Began as a Hill Orc Berserker on Feb 12, 2021.
             Was a High Priest of Trog.
             Splashed by a goliath frog's acid (9 damage)
             ... on level 2 of the Swamp.
             The game lasted 01:35:24 (31529 turns).

jejorda2 the Executioner (Hill Orc Berserker)      Turns: 31529, Time: 01:35:26

Health: -4/226     AC: 12    Str: 27    XL:     16   Next: 96%
Magic:  16/16      EV:  9    Int:  7    God:    Trog [*****.]
Gold:   1751       SH:  0    Dex: 10    Spells: 15/15 levels left

rFire    + + .     SeeInvis +   a - +8 exec axe {freezing cloud, *Noise +Fly rC+}
rCold    + + .     Faith    .   (shield currently unavailable)
rNeg     . . .     Spirit   .   G - +0 plate armour {rPois}
rPois    +         Reflect  .   g - +2 helmet {SInv}
rElec    +         Harm     .   F - scarf {rC+ rF+}
rCorr    .         Rampage  .   Q - +0 pair of gloves
Will     +....                  o - +2 pair of boots
Stlth    ..........             y - amulet of regeneration
HPRegen  0.87/turn              I - ring "Hanlah" {Fire +Fly Stlth+}
MPRegen  0.15/turn              N - ring of Ferru {rElec rC+}

@: berserking, corroded, flying, very quick
A: no striking features
a: Stop Flying, Renounce Religion, Berserk, Trog's Hand, Brothers in Arms


You were on level 2 of the Swamp.
You worshipped Trog.
Trog was extremely pleased with you.
You visited 4 branches of the dungeon, and saw 25 of its levels.
You visited the Abyss 1 time.
You also visited: Sewer and Ossuary.

You collected 2788 gold pieces.
You spent 1037 gold pieces at shops.

Inventory:

Hand Weapons
 a - the +8 frozen axe "Frostbite" (weapon) {freezing cloud, *Noise +Fly rC+}
   (Trog gifted it to you on level 1 of the Orcish Mines)

   It has been specially enchanted to freeze those struck by it, causing extra
   injury to most foes and up to half again as much damage against particularly
   susceptible opponents.
   It can also slow down cold-blooded creatures.
   It protects you from cold.
   It lets you fly.
   It may make noises in combat.
 b - a +0 arbalest
 f - a +0 battleaxe of flaming
 w - a +1 antimagic battleaxe
Missiles
 l - 171 poisoned darts (quivered)
 A - 5 silver javelins
 C - 13 curare-tipped darts
 R - 4 boomerangs of dispersal
 V - 342 bolts
Armour
 g - a +2 helmet of see invisible (worn)
 o - a +2 pair of boots (worn)
 F - a scarf of resistance (worn)
 G - a +0 plate armour of poison resistance (worn)
 Q - a +0 pair of gloves (worn)
Jewellery
 y - an amulet of regeneration (around neck)
 I - the ring "Hanlah" (left hand) {Fire +Fly Stlth+}
   (You found it on level 7 of the Dungeon)

   [ring of fire]

   It enhances your fire magic.
   It protects you from fire.
   It makes you vulnerable to cold.
   It lets you fly.
   It makes you more stealthy.
 N - the ring of Ferru (right hand) {rElec rC+}
   (You bought it in a shop on level 7 of the Dungeon)

   [ring of protection from cold]

   It protects you from cold.
   It insulates you from electricity.
Wands
 k - a wand of iceblast (12)
 K - a wand of polymorph (9)
 S - a wand of flame (49)
 T - a wand of digging (4)
 X - a wand of paralysis (55)
 Z - a wand of acid (12)
Scrolls
 i - 8 scrolls of fear
 t - 4 scrolls of blinking
 x - a scroll of magic mapping
 B - 12 scrolls of teleportation
 E - 10 scrolls of identify
Potions
 c - a potion of flight
 e - 3 potions of lignification
 h - 3 potions of mutation
 j - 4 potions of might
 m - 5 potions of haste
 p - 17 potions of curing
 r - 3 potions of cancellation
 s - 4 potions of magic
 v - 2 potions of resistance
 z - 5 potions of heal wounds
 D - 4 potions of ambrosia
 L - 3 potions of attraction
 Y - 3 potions of invisibility
Miscellaneous
 q - a tin of tremorstones (1/2)
 u - a phantom mirror
 H - a lightning rod (4/4)


   Skills:
 - Level 16.0 Fighting
 * Level 23.6 Axes
 - Level 8.8 Crossbows
 - Level 7.0 Throwing
 - Level 12.0 Armour
 - Level 2.7 Dodging
 - Level 2.0 Stealth
 - Level 6.0 Evocations


You had 15 spell levels left.
You didn't know any spells.
Your spell library was empty.

Dungeon Overview and Level Annotations

Branches:
Dungeon (15/15)            Temple (0/1) D:5            Lair (6/6) D:8
  Swamp (2/4) Lair:3       Spider (0/4) Lair:4        Slime (0/5) Lair:6
    Orc (2/2) D:9             Elf (0/3) Orc:2        Vaults (0/5) D:14
 Depths (0/5) D:15          Sewer (visited)         Ossuary (visited)

Altars:
Ashenzari
Cheibriados
Kikubaaqudgha
Nemelex Xobeh
Qazlal
Ru
Sif Muna
Vehumet
Wu Jian
Xom
Zin
The Shining One
Jiyva

Shops:
D:6 *   D:7 =   Orc:2 [?[*


Message History

The goliath frog barely misses you. The alligator bites you!
The alligator tail-slaps you but does no damage.
There is a stone staircase leading up here.
You miss the goliath frog. You slice the alligator!! You freeze the alligator.
You completely miss the alligator. The goliath frog hits you!
You are splashed with acid!
The alligator bites you!
* * * LOW HITPOINT WARNING * * *
The alligator tail-slaps you!
* * * LOW HITPOINT WARNING * * *
The alligator bites you but does no damage.
The alligator tail-slaps you but does no damage.
A red film seems to cover your vision as you go berserk!
You feel yourself moving faster!
You feel mighty!
The goliath frog hits you but does no damage.
The swamp worm fires a harpoon shot at you.
The harpoon shot hits you!
* * * LOW HITPOINT WARNING * * *
You are yanked forward by the harpoon shot.
The alligator closely misses you.
The alligator tail-slaps you but does no damage.
The alligator bites you but does no damage.
The alligator tail-slaps you.
* * * LOW HITPOINT WARNING * * *
The goliath frog hits you from afar!
* * * LOW HITPOINT WARNING * * *
You are splashed with acid.
* * * LOW HITPOINT WARNING * * *
Your plate armour prevents you from hitting the alligator.
The alligator is severely wounded.
You barely miss the swamp worm.
Your plate armour prevents you from hitting the alligator.
The swamp worm barely misses you.
You slice the alligator!! You freeze the alligator.
You kill the alligator!
Trog accepts your kill.
You slash the swamp worm! You freeze the swamp worm.
You barely miss the alligator. The goliath frog hits you from afar.
* * * LOW HITPOINT WARNING * * *
The acid corrodes you!
You are splashed with acid!
You die...

......≈..♣ ≈.
>≈≈...♣.. ≈≈≈
####≈≈≈≈≈.≈♣♣≈≈≈
..§≈≈≈≈≈≈.♣≈..≈≈
..≈≈§≈≈§≈.≈.....
...≈≈≈≈≈≈....♣♣≈
≈..≈≈≈.≈≈w....§≈
#).≈...≈≈≈≈≈@.....≈§
#$........F.≈§≈....§≈.
♣♣♣≈.≈≈≈§..§≈....≈≈≈≈
(?≈♣§≈≈≈≈.....§≈≈..≈≈
.....≈≈≈...♣♣.§≈≈≈...
♣)≈§≈.≈♣♣t...≈≈§≈≈.
♣.≈§≈<.♣..<..≈≈§./.
♣.≈≈≈.≈♣♣≈...≈≈≈...


You could see an alligator (swift, slow), a goliath frog and a swamp worm.

Vanquished Creatures
  Saint Roka (Orc:2)
  A bone dragon (Abyss:1)
  A lich (Abyss:1)
  Frances (D:12)
  A tentacled starspawn (Abyss:1)
  Kirke (D:12)
  A ghoul (Lair:3)
  A dire elephant (D:15)
  3 bunyips
  Snorg (D:12)
  2 eleionomae (Swamp:1)
  A fire dragon (Lair:6)
  A boulder beetle (D:13)
  2 vault guards (D:14)
  10 hydras
  Erolcha (Orc:2)
  16 two-headed ogres
  2 catoblepae
  3 ogre magi
  4 centaur warriors
  4 alligators
  A tengu warrior (D:14)
  3 death yaks
  Urug (Lair:3)
  A sixfirhy (Abyss:1)
  3 skeletal warriors (D:13)
  2 deep trolls (Orc:2)
  An unseen horror (D:11)
  A swamp dragon (Lair:6)
  7 starcursed masses (Abyss:1)
  2 bog bodies (Swamp:1)
  A lindwurm (Lair:4)
  5 orc knights
  2 deep elf pyromancers (D:14)
  3 orc sorcerers
  2 wolf spiders
  2 ugly things (D:11)
  3 manticores
  A will-o-the-wisp (Swamp:1)
  A salamander (D:15)
  An oklob plant (Lair:5)
  6 cyclopes
  A black mamba (Lair:6)
  11 elephants
  4 gargoyles
  A frost giant skeleton (Abyss:1)
  A torpor snail (Lair:4)
  9 cane toads
  A kobold demonologist (D:14)
  7 komodo dragons
  4 yaktaurs (D:15)
  A rime drake (Lair:6)
  An ancient zyme (Abyss:1)
  2 tengu conjurers
  17 trolls
  3 meliai (D:14)
  A hornet (Swamp:2)
  4 tyrant leeches
  8 slime creatures (D:13)
  6 dream sheep (Lair:5)
  13 blink frogs
  Sigmund (D:2)
  A meliai zombie (D:11)
  A centaur simulacrum (D:12)
  4 small abominations (Abyss:1)
  A spriggan (Swamp:2)
  A wraith (D:10)
  4 ynoxinuls (Abyss:1)
  4 wyverns
  4 shadows
  A vampire (D:15)
  A redback (Lair:4)
  37 yaks
  A large abomination (Abyss:1)
  3 basilisks
  3 hogs (D:12)
  7 humans (D:14)
  4 fire bats (D:12)
  2 vampire mosquitoes (Lair:3)
  A steam dragon (Lair:6)
  A warg (Orc:1)
  2 swamp worms
  3 acid dragons
  18 water moccasins
  A hell hound (D:12)
  A hornet zombie (D:10)
  5 ice beasts
  3 swamp drakes (Lair:6)
  17 orc warriors
  An eye of draining (D:13)
  A black bear (Lair:2)
  5 necrophages
  8 sky beasts
  15 wolves
  27 ogres
  A phantom (D:4)
  19 centaurs
  8 kobold brigands
  32 bullfrogs
  A wyvern zombie (D:7)
  A water moccasin zombie (D:7)
  7 scorpions
  16 killer bees
  19 wights
  4 howler monkeys
  2 lava snakes (D:12)
  A bullfrog zombie (D:12)
  An iron imp (Abyss:1)
  A water moccasin simulacrum (D:11)
  2 centaur zombies (D:12)
  11 hounds
  A human zombie (Ossuary)
  7 centaur skeletons
  9 orc priests
  2 bullfrog skeletons
  7 jellies
  11 iguanas
  Ijyb (D:5)
  12 orc wizards
  8 worker ants
  A hound zombie (D:7)
  3 mummies (Ossuary)
  2 worker ant zombies
  A howler monkey skeleton (D:11)
  17 adders
  11 gnolls
  A river rat (D:6)
  3 shadow imps
  2 white imps
  3 ufetubi
  7 oozes
  3 adder zombies
  2 worms (D:4)
  4 dart slugs
  9 leopard geckos
  56 orcs
  7 ball pythons
  12 bats
  8 giant cockroaches
  A gnoll zombie (Ossuary)
  2 goblins (D:2)
  4 hobgoblins
  20 jackals
  13 quokkas
  5 frilled lizards
  A giant cockroach zombie (D:5)
  A goblin zombie (Ossuary)
  2 hobgoblin zombies (Ossuary)
  37 kobolds
  4 kobold zombies (Ossuary)
  A leopard gecko skeleton (D:7)
  3 quokka zombies (Ossuary)
  11 rats
  4 rat zombies (Ossuary)
  A fire vortex (D:12)
  A starspawn tentacle (Abyss:1)
838 creatures vanquished.

Vanquished Creatures (collateral kills)
  The ghost of siradein the Severer, a journeyman HOFi of Beogh (Lair:5)
  2 hydras (Lair:5)
  A two-headed ogre (D:13)
  4 death yaks
  2 skeletal warriors (D:13)
  An oklob plant (Lair:5)
  An ugly thing (D:13)
  A cyclops (Orc:2)
  A black mamba (Lair:5)
  2 cane toads
  An ancient zyme (Abyss:1)
  A tyrant leech (Lair:3)
  A dream sheep (Lair:5)
  2 starcursed masses (Abyss:1)
  A wyvern (Lair:3)
  2 humans (D:14)
  3 yaks (D:8)
  A basilisk (Lair:3)
  An ice beast (D:8)
  A necrophage (D:13)
  2 bullfrogs
  A worker ant (D:13)
  An adder skeleton (D:8)
  An orc (Orc:2)
  5 kobolds (D:8)
40 creatures vanquished.

Vanquished Creatures (others)
  A vault guard (D:14)
  A bloated husk (Swamp:1)
  2 humans (D:12)
  A vampire mosquito (Swamp:1)
  An orc priest (Orc:2)
  A worker ant (D:14)
  An adder (D:12)
  A quokka (D:12)
  A fire vortex (D:12)
  33 fungi
  52 plants
  2 starspawn tentacles (Abyss:1)
97 creatures vanquished.

Grand Total: 975 creatures vanquished

Notes
Turn   | Place    | Note
-------+----------+-------------------------------------------
     0 | D:1      | jejorda2 the Hill Orc Berserker began the quest for the
                  | Orb.
     0 | D:1      | Reached XP level 1. HP: 19/19 MP: 1/1
   128 | D:1      | Reached XP level 2. HP: 26/27 MP: 2/2
   554 | D:1      | Reached XP level 3. HP: 28/33 MP: 3/3
   678 | D:1      | Reached ** piety under Trog
   759 | D:2      | Reached skill level 5 in Axes
   803 | D:2      | Found a radiant altar of Vehumet.
   805 | D:2      | Noticed Sigmund
   818 | D:2      | Killed Sigmund
   819 | D:2      | Reached skill level 6 in Axes
   819 | D:2      | Reached XP level 4. HP: 41/41 MP: 4/4
   819 | D:2      | Reached XP level 5. HP: 47/47 MP: 5/5
   858 | D:2      | Reached skill level 5 in Fighting
   858 | D:2      | Reached XP level 6. HP: 56/56 MP: 6/6
  1714 | D:3      | Reached skill level 7 in Axes
  1769 | D:3      | Found a sparkling altar of Nemelex Xobeh.
  1780 | D:3      | Found a faded altar of an unknown god.
  2588 | D:3      | Found a sacrificial altar of Ru.
  2691 | D:4      | Reached XP level 7. HP: 61/61 MP: 7/7
  2800 | D:4      | Reached skill level 8 in Axes
  3408 | D:4      | Found a stormy altar of Qazlal.
  3567 | D:5      | Entered Level 5 of the Dungeon
  3735 | D:5      | Found a staircase to the Ecumenical Temple.
  3750 | D:5      | Reached *** piety under Trog
  3795 | D:5      | Found a sand-covered staircase.
  3814 | Ossuary  | Entered an ossuary
  3823 | Ossuary  | Reached skill level 5 in Armour
  3895 | Ossuary  | Reached skill level 1 in Throwing
  3974 | Ossuary  | Reached XP level 8. HP: 70/70 MP: 8/8
  4116 | D:5      | Reached skill level 9 in Axes
  4162 | D:5      | Noticed Ijyb
  4183 | D:5      | Killed Ijyb
  4823 | D:5      | Found an ornate altar of the Wu Jian Council.
  5075 | D:6      | Found an ancient bone altar of Kikubaaqudgha.
  5095 | D:6      | Found a glowing silver altar of Zin.
  5109 | D:6      | Reached **** piety under Trog
  5110 | D:6      | Reached skill level 1 in Evocations
  5117 | D:6      | Found a shimmering blue altar of Sif Muna.
  5132 | D:6      | Found a broken altar of Ashenzari.
  5148 | D:6      | Found Jaicaseg's Mayhem Merchandise.
  5156 | D:6      | Bought a +0 battleaxe for 71 gold pieces
  5279 | D:6      | Found a glowing drain.
  5283 | Sewer    | Entered a sewer
  5961 | D:6      | Reached skill level 10 in Axes
  6171 | D:6      | Reached XP level 9. HP: 77/79 MP: 9/9
  6564 | D:7      | Reached skill level 11 in Axes
  6590 | D:7      | Reached ***** piety under Trog
  6658 | D:7      | Got a scorched granite ring
  6659 | D:7      | Identified the ring "Hanlah" {Fire +Fly Stlth+} (You found
                  | it on level 7 of the Dungeon)
  7164 | D:7      | Reached skill level 12 in Axes
  7440 | D:7      | Reached XP level 10. HP: 86/86 MP: 10/10
  7494 | D:7      | Reached skill level 13 in Axes
  7595 | D:7      | Found Laino's Jewellery Emporium.
  8116 | D:8      | Found a glowing golden altar of the Shining One.
  8229 | D:8      | Noticed a death yak
  8230 | D:8      | Noticed a two-headed ogre
  8230 | D:8      | Noticed a death yak
  8254 | D:8      | Noticed a death yak
  8256 | D:8      | Noticed a death yak
  8260 | D:8      | Noticed a death yak
  8261 | D:8      | Killed a death yak
  8262 | D:8      | Reached skill level 14 in Axes
  8270 | D:8      | Killed a death yak
  8279 | D:8      | Killed a two-headed ogre
  8280 | D:8      | Reached skill level 15 in Axes
  8282 | D:8      | Killed a death yak
  8284 | D:8      | Killed a death yak
  8285 | D:8      | Reached skill level 16 in Axes
  8308 | D:8      | Killed a death yak
  8309 | D:8      | Reached XP level 11. HP: 92/92 MP: 11/11
  8463 | D:8      | Found a shimmering altar of Xom.
  8563 | D:8      | Found a staircase to the Lair.
  8760 | Lair:1   | Entered Level 1 of the Lair of Beasts
  8770 | Lair:1   | Reached skill level 1 in Stealth
  8946 | Lair:1   | Reached skill level 17 in Axes
  9734 | Lair:2   | Received a gift from Trog
  9780 | Lair:2   | Reached skill level 18 in Axes
 10313 | Lair:2   | Reached skill level 19 in Axes
 10415 | Lair:2   | Reached XP level 12. HP: 95/100 MP: 12/12
 10491 | Lair:2   | Noticed a catoblepas
 10504 | Lair:2   | Killed a catoblepas
 11140 | Lair:3   | Noticed Urug
 11420 | Lair:3   | Reached skill level 20 in Axes
 11445 | Lair:3   | Killed Urug
 12113 | Lair:3   | Reached skill level 5 in Evocations
 12416 | Lair:3   | Found a staircase to the Swamp.
 12640 | D:7      | Bought the ring of Ferru {rElec rC+} for 546 gold pieces
 12900 | Lair:4   | Found a hole to the Spider Nest.
 13275 | Lair:4   | Noticed a five-headed hydra
 13285 | Lair:4   | Killed a one-headed hydra
 13321 | Lair:4   | Reached XP level 13. HP: 88/111 MP: 13/13
 13756 | Lair:4   | Found a runed translucent door.
 13767 | Lair:4   | Reached skill level 10 in Fighting
 13772 | Lair:4   | Received a gift from Trog
 14222 | Lair:5   | Found a transporter.
 14337 | Lair:5   | Noticed siradein's ghost (journeyman HOFi)
 14417 | Lair:5   | Reached skill level 10 in Armour
 15382 | Lair:5   | Found a transporter.
 15662 | Lair:5   | Killed siradein's ghost
 15663 | Lair:5   | Reached skill level 5 in Throwing
 15695 | Lair:5   | Got a steaming plate armour
 15762 | Lair:5   | Identified the +1 plate armour of Valiance {Int+3 Dex+4
                  | Slay+3 Stlth-} (You found it on level 5 of the Lair of
                  | Beasts)
 15775 | Lair:5   | Got an ichor-stained long sword
 15775 | Lair:5   | Identified the +5 long sword "Rosk" {vorpal, rElec Dex+4}
                  | (You found it on level 5 of the Lair of Beasts)
 15902 | Lair:6   | Entered Level 6 of the Lair of Beasts
 16033 | Lair:6   | Noticed a fire dragon
 16043 | Lair:6   | Received a gift from Trog
 16067 | Lair:6   | Killed a fire dragon
 16068 | Lair:6   | Reached XP level 14. HP: 126/126 MP: 10/14
 16788 | Lair:6   | Found a viscous altar of Jiyva.
 16789 | Lair:6   | Found a staircase to the Slime Pits.
 17505 | D:9      | Found a staircase to the Orcish Mines.
 17686 | D:9      | Found a snail-covered altar of Cheibriados.
 18398 | D:10     | Entered Level 10 of the Dungeon
 20535 | D:11     | Reached skill level 1 in Crossbows
 21996 | D:12     | Noticed Kirke
 22011 | D:12     | Killed Kirke
 22057 | D:12     | Received a gift from Trog
 22403 | D:12     | Noticed Frances
 22419 | D:12     | Killed Frances
 22574 | D:12     | Noticed Snorg
 22591 | D:12     | Killed Snorg
 22905 | D:12     | Reached XP level 15. HP: 110/138 MP: 15/15
 23446 | D:13     | Reached skill level 5 in Crossbows
 23514 | D:13     | Got a fine emerald amulet
 23525 | D:13     | Identified the amulet "Pyirol" {RegenMP *Drain rN+ Str+9}
                  | (You found it on level 13 of the Dungeon)
 24703 | D:14     | Received a gift from Trog
 25967 | D:14     | Found a gate to the Vaults.
 26382 | D:15     | Entered Level 15 of the Dungeon
 26531 | D:15     | Reached skill level 21 in Axes
 26709 | D:15     | Reached skill level 15 in Fighting
 27143 | D:15     | Got an ancient war axe
 27143 | D:15     | Identified the +7 war axe of Icwuigga {freeze, rPois rN+
                  | Will+} (You found it on level 15 of the Dungeon)
 27359 | D:15     | Found a staircase to the Depths.
 28093 | Orc:1    | Entered Level 1 of the Orcish Mines
 28313 | Orc:2    | Entered Level 2 of the Orcish Mines
 28313 | Orc:2    | Noticed Saint Roka
 28421 | Orc:2    | Killed Saint Roka
 28782 | Orc:1    | Received a gift from Trog
 28783 | Orc:1    | Found the +8 frozen axe "Frostbite" {freezing cloud, *Noise
                  | +Fly rC+}
 29010 | Orc:2    | Reached XP level 16. HP: 136/149 MP: 13/16
 29010 | Orc:2    | Paralysed by an orc sorcerer for 7 turns
 29033 | Orc:2    | Cast into level 1 of the Abyss (orc warrior)
 29033 | Abyss:1  | Found a corrupted altar of Lugonu.
 29124 | Abyss:1  | Noticed a tentacled starspawn
 29139 | Abyss:1  | Killed a tentacled starspawn
 29238 | Abyss:1  | Noticed a lich
 29248 | Abyss:1  | Killed a lich
 29269 | Abyss:1  | Noticed a bone dragon
 29276 | Abyss:1  | Killed a bone dragon
 29375 | Orc:2    | Escaped the Abyss
 29384 | Orc:2    | Reached skill level 22 in Axes
 29387 | Orc:2    | Noticed Erolcha
 29394 | Orc:2    | Killed Erolcha
 29799 | Orc:2    | Found Weloti's Assorted Antiques.
 29809 | Orc:2    | Found Ohifatait's Antique Armour Emporium.
 29817 | Orc:2    | Found Byfa Xeu's Magic Scroll Shop.
 29820 | Orc:2    | Found Jidoz's Armour Boutique.
 30044 | Orc:2    | Found a staircase to the Elven Halls.
 30358 | D:7      | Bought an amulet of regeneration for 420 gold pieces
 30468 | Swamp:1  | Entered Level 1 of the Swamp
 30701 | Lair:3   | Reached skill level 23 in Axes
 31240 | Swamp:1  | Identified the +6 scale mail "Seattiarae" {Slay+3} (You
                  | found it on level 1 of the Swamp)
 31523 | Swamp:2  | Received a gift from Trog
 31527 | Swamp:2  | HP: 10/226 [acid (6)]
 31529 | Swamp:2  | Splashed by a goliath frog's acid

Illustrated notes

Levels and vault maps discovered:
D:1:      minmay_arrival_wavy_path, layout_rooms
D:2:      layout_basic, lemuel_round_altar, uniq_sigmund
D:3:      layout_basic, nemelex_xobeh_ov_fountains_minmay, hangedman_ru_absence,
          chequers_ecumenical_altar_simple, minmay_misc_feat_chi,
          minmay_fractal_squares_gapless_5
D:4:      layout_basic, dk_noncrumbling_2, grunt_qazlal_sundering
D:5:      layout_basic, kennysheep_little_box,
          minmay_temple_entry_statues_fountains, nicolae_ossuary_entry_monument,
          saegor_snake_ambush, uniq_ijyb
D:6:      layout_loops_cross, kiku_gazebo_pond_becter,
          grunt_temple_overflow_open, gup_sewer_entry_spiral,
          grunt_decor_clamped, minmay_shop_mayhem, kennysheep_generic_room_8
D:7:      minmay_the_grid_octo_tiled_squarecenter
          [minmay_the_grid_octo_fat_diamond,
          minmay_the_grid_octo_tetromino_candy, minmay_the_grid_octo_clover,
          minmay_the_grid_octo_77, minmay_the_grid_square_5x5_megaprize_diamond,
          minmay_the_grid_square_5x5_fancy_junction,
          minmay_the_grid_square_5x5_beaten_path,
          minmay_the_grid_square_5x5_half_checkered,
          minmay_the_grid_square_5x5_inner_i], layout_loops_ring, serial_shops,
          shop_statue, nrook_mini_vaults
D:8:      layout_rooms, tso_metal_star, general_overflow_altar,
          dpeg_lair_monsters
D:9:      layout_basic, cheibriados_altar_1, david_orc_3
D:10:     layout_basic, minivault_26, blue_anna_alchemist
          [blue_anna_fruit_fields, blue_anna_fruit_fields]
D:11:     hangedman_cross_veins, layout_basic
D:12:     layout_loops_ring, roderic_cross_of_infinity, hangedman_incinerator,
          uniq_snorg, uniq_kirke, uniq_frances
D:13:     layout_long_grid
D:14:     layout_layer_cave, ximxim_vaults_locker_room, lemuel_flamethrower_2
D:15:     hangedman_depths_entry_try_elsewhere_first, layout_cave_pods,
          serial_glass, glass_columns_c, glass_columns_a, minmay_door_square
Lair:1:   layout_hall_layers, chequers_serial_rivers_micro_b,
          chequers_serial_rivers_micro_e, chequers_serial_rivers_micro_c,
          minivault_27, wad_woods_river_03, beast_lair_carwin_4
Lair:2:   layout_long_grid, st_stairs_10, minmay_stone_trees_medium,
          chequers_serial_rivers_micro_a
Lair:3:   layout_long_grid, minmay_swamp_entry_worms, st_stairs_12, uniq_urug
Lair:4:   layout_hall_layers, spider_nest_entry_webs, pf_torpor_hydra,
          infiniplex_staircase_pool_2, grunt_megastairs_2
Lair:5:   layout_small_grid, nzn_ghost_randoct, minivault_27,
          hangedman_lair_generics_rect
Lair:6:   guppyfry_lair_end_dragon, layout_big_grid, slime_altar_1,
          serial_forest, infiniplex_forest_clump_tiny,
          infiniplex_forest_lined_3_way, infiniplex_forest_corner_1,
          infiniplex_forest_lined_room_3, infiniplex_forest_split,
          infiniplex_forest_lined_2, infiniplex_forest_clump_medium
Swamp:1:  layout_falls_marsh, nicolae_swamp_fairy_circle
Swamp:2:  layout_basic_swamp, ebering_ghost_rock_garden,
          evilmike_swamp_ruin_wall
Orc:1:    layout_diamond_mine
Orc:2:    st_orc_open, layout_caves, uniq_saint_roka, uniq_erolcha

Skill      XL: |  1  2  3  4  5  6  7  8  9 10 11 12 13 14 15 16 |
---------------+-------------------------------------------------+-----
Fighting       | 4 5 6 7 9 12 14 15 16 | 16.0
Axes           | 6 7 8 10 12 16 19 20 21 23 | 23.6
Armour         | 3 4 5 6 7 9 11 12 | 12.0
Throwing       | 1 2 4 5 7 |  7.0
Evocations     | 3 6 |  6.0
Stealth        | 2 |  2.0
Dodging        | 2 |  2.7
Crossbows      | 4 8 |  8.8

Action                   |  1- 3 |  4- 6 |  7- 9 | 10-12 | 13-15 | 16-18 || total
-------------------------+-------+-------+-------+-------+-------+-------++-------
Melee: Hand axe          |    81 |   180 |   225 |       |       |       ||   486
       Battleaxe         |       |       |   253 |   504 |  1082 |    17 ||  1856
       Executioner's axe |       |       |       |       |    12 |   230 ||   242
 Fire: Arbalest          |       |       |       |       |     8 |       ||     8
Throw: Dart              |       |       |     7 |     9 |     6 |       ||    22
       Javelin           |       |       |       |     2 |       |       ||     2
Invok: Berserk           |     3 |     2 |     4 |     2 |     9 |     3 ||    23
       Trog's Hand       |     1 |       |     1 |     3 |     6 |     7 ||    18
       Brothers in Arms  |       |       |       |     2 |     6 |     2 ||    10
 Abil: Evoke Flight      |       |       |       |       |     2 |     7 ||     9
Evoke: Wand              |       |       |     2 |     2 |       |     1 ||     5
       Phantom mirror    |       |       |       |       |     1 |       ||     1
       Tin of tremorston |       |       |       |       |       |     2 ||     2
  Use: Scroll            |       |       |    20 |     7 |     4 |     2 ||    33
       Potion            |       |       |       |       |       |     4 ||     4
 Stab: Sleeping          |       |     1 |       |       |       |       ||     1
       Paralysed         |       |       |       |     2 |       |       ||     2
       Distracted        |       |       |       |       |     3 |       ||     3
Armor: Animal skin       |     8 |       |       |       |       |       ||     8
       Leather armour    |    37 |    55 |    12 |       |       |       ||   104
       Ring mail         |       |       |   138 |       |       |       ||   138
       Plate armour      |       |       |    34 |   294 |   628 |   200 ||  1156
Dodge: Dodged            |    86 |   103 |   195 |   129 |   370 |   105 ||   988
Block: Other             |       |       |    60 |       |       |       ||    60

Table legend: (Time is in decaauts)
 A = Elapsed time spent in this place.
 B = Non-inter-level travel time spent in this place.
 C = Inter-level travel time spent in this place.
 D = Time resting spent in this place.
 E = Time spent auto-exploring this place.
 F = Levels seen in this place.
 G = Mean time per level.
                   A        B        C        D        E       F      G
               +--------+--------+--------+--------+--------+-----+--------+
         Total |  31511 |  28853 |   2658 |   1993 |  21232 |  28 | 1125.4 |
       Dungeon |  18500 |  16898 |   1602 |    717 |  12830 |  15 | 1233.3 |
          Lair |   9362 |   8485 |    877 |    841 |   6352 |   6 | 1560.3 |
         Swamp |    558 |    489 |     69 |      0 |    336 |   2 |  279.0 |
  Orcish Mines |   1865 |   1756 |    109 |    285 |   1203 |   2 |  932.5 |
         Abyss |    353 |    353 |      0 |     54 |      0 |   1 |  353.0 |
         Sewer |    576 |    576 |      0 |      0 |    400 |   1 |  576.0 |
       Ossuary |    295 |    295 |      0 |     94 |    110 |   1 |  295.0 |
               +--------+--------+--------+--------+--------+-----+--------+

Top non-repeatable levels by time:
  Lair:3: 2025 daAuts
    D:14: 1774 daAuts
  Lair:5: 1721 daAuts
  Lair:2: 1663 daAuts
    D:15: 1589 daAuts
  Lair:4: 1529 daAuts
    D:12: 1429 daAuts
     D:7: 1409 daAuts
  Lair:6: 1404 daAuts
    D:10: 1388 daAuts
    D:11: 1289 daAuts
     D:3: 1266 daAuts
     D:5: 1246 daAuts
    D:13: 1230 daAuts
   Orc:1: 1153 daAuts
